 Dungeon Crawl Stone Soup version 0.21.1-1-g345015f (webtiles) character file.

60 letownia2 the Insei (level 4, 0/32 HPs)
             Began as a Merfolk Transmuter on Mar 19, 2018.
             Slain by an adder (4 damage)
             ... on level 3 of the Dungeon.
             The game lasted 00:03:31 (427 turns).

letownia2 the Insei (Merfolk Transmuter)             Turns: 427, Time: 00:03:32

Health: 0/32       AC:  2    Str: 11    XL:     4   Next: 6%
Magic:  2/7        EV: 13    Int: 17    God:
Gold:   36         SH:  0    Dex: 14    Spells: 1/7 levels left

rFire    . . .     SeeInvis .     - Unarmed
rCold    . . .     Gourm    .   (no shield)
rNeg     . . .     Faith    .   b - +0 robe
rPois    .         Spirit   .   (no helmet)
rElec    .         Reflect  .   (no cloak)
rCorr    .         Harm     .   (no gloves)
MR       .....                  (no boots)
Stlth    +.........             (no amulet)
HPRegen  0.10/turn              (no ring)
MPRegen  0.10/turn              (no ring)

@: brilliant, lethally poisoned (0 -> -6), flying
A: change form in water, swift swim, stealthy swim
a: no special abilities


You were on level 3 of the Dungeon.
You were not hungry.

You visited 1 branch of the dungeon, and saw 3 of its levels.

You collected 36 gold pieces.

Inventory:

Missiles
 a - 7 arrows
Armour
 b - a +0 robe (worn)
 i - a +2 helmet
 m - a +0 leather armour
 n - a +0 ring mail
Scrolls
 e - a scroll of fog {unknown}
 g - a scroll of teleportation {unknown}
 h - a scroll of enchant armour {unknown}
Potions
 k - a potion of flight
 l - a potion of mutation {unknown}
Books
 c - a book of Changes

   Spells                             Type                      Level
   a - Beastly Appendage              Transmutation                1
   b - Sticks to Snakes               Transmutation                2
   c - Spider Form                    Transmutation/Poison         3
   d - Ice Form                       Ice/Transmutation            4
   e - Blade Hands                    Transmutation                5
Comestibles
 d - 2 rations


   Skills:
 - Level 1.1 Fighting
 - Level 2.6 Dodging
 - Level 4.5 Unarmed Combat
 - Level 2.0 Spellcasting
 + Level 3.5 Transmutations
 + Level 1.5 Poison Magic


You had one spell level left.
You knew the following spells:

 Your Spells              Type           Power        Failure   Level  Hunger
a - Beastly Appendage     Tmut           ###...       1%          1    #......
l - Sticks to Snakes      Tmut           ###.....     1%          2    ###....
p - Spider Form           Tmut/Pois      ###.......   2%          3    ###....


Dungeon Overview and Level Annotations

Branches:
Dungeon (3/15)

Altars:
Elyvilon
Makhleb
Uskayaw


Message History

You feel sick. The adder closely misses you.
You hit the adder.
The adder is heavily wounded.
Your transformation has ended.
Your +0 robe unmelds from your body.
You feel sick. The adder bites you.
* * * LOW HITPOINT WARNING * * *
The adder barely misses you.
You miss the adder.
The adder is heavily wounded.
* * * LOW HITPOINT WARNING * * *
You feel sick. The adder misses you.
Unknown command.
It was a potion of flight.
You feel very buoyant.
You fly up into the air.
The adder bites you but does no damage.
It was a potion of brilliance.
You feel clever all of a sudden.
* * * LOW HITPOINT WARNING * * *
You feel sick. The adder bites you.
You die...

...#≈..♣.)≈###.#.#.#
##.#≈≈...≈≈# ##...#
...###...### ##.##
###.###..#### #.#
###.#.......# ##)#
).....##.##.###..#
###.####.##.##...###
#.# #.##.....(..#
#.# #.##.....@..#
..# #.##.....S..#
... ........(.....
##.# ##........####
#.# #.[...(..# #.#
##.....#.# ##..##_._
#.. P...


You could see an adder.

Vanquished Creatures
  2 adders
  An ooze (D:2)
  A worm (D:3)
  A leopard gecko (D:3)
  3 orcs (D:3)
  2 bats
  2 hobgoblins (D:3)
  2 frilled lizards (D:2)
  4 goblins
  2 kobolds
  3 rats (D:2)
23 creatures vanquished.

Vanquished Creatures (collateral kills)
  An adder (D:3)
  A worm (D:2)
2 creatures vanquished.

Grand Total: 25 creatures vanquished

Notes
Turn   | Place    | Note
-------+----------+-------------------------------------------
     0 | D:1      | letownia2 the Merfolk Transmuter began the quest for the Orb.
     0 | D:1      | Reached XP level 1. HP: 15/15 MP: 3/3
    89 | D:2      | Reached XP level 2. HP: 14/21 MP: 5/5
   100 | D:2      | Learned a level 2 spell: Sticks to Snakes
   121 | D:2      | Reached skill level 4 in Unarmed Combat
   125 | D:2      | Found a faded altar of an unknown god.
   244 | D:2      | Reached XP level 3. HP: 15/26 MP: 1/6
   249 | D:2      | Learned a level 3 spell: Spider Form
   354 | D:3      | Found a white marble altar of Elyvilon.
   378 | D:3      | Reached skill level 1 in Poison Magic
   401 | D:3      | Reached XP level 4. HP: 13/32 MP: 2/7
   419 | D:3      | Found a hide-covered altar of Uskayaw.
   419 | D:3      | Found a burning altar of Makhleb.
   427 | D:3      | Slain by an adder

Skill      XL: |  1  2  3 |
---------------+----------+-----
Unarmed Combat | 4 |  4.5
Transmutations | 3 |  3.5
Poison Magic   | 1 |  1.5
Fighting       | |  1.1
Dodging        | |  2.6
Spellcasting   | |  2.0

Action                   |  1- 3 |  4- 6 || total
-------------------------+-------+-------++-------
Melee: Unarmed           |    62 |     8 ||    70
       Headbutt          |     4 |       ||     4
       Tailslap          |     1 |       ||     1
       Punch             |     1 |       ||     1
Throw: Javelin           |     1 |     2 ||     3
 Cast: Beastly Appendage |    11 |       ||    11
       Sticks to Snakes  |     5 |       ||     5
       Spider Form       |     1 |     1 ||     2
  Use: Potion            |       |     2 ||     2
 Stab: Sleeping          |     1 |       ||     1
Armor: Robe              |     5 |     1 ||     6
Dodge: Dodged            |    38 |     5 ||    43
